 Dungeon Crawl Stone Soup version 0.30.0-29-ga12c61a403 (webtiles) character file.

Game seed: 1312650108738402147

142 cheesebisquit the Insei (level 5, -4/38 HPs)
             Began as a Merfolk Transmuter on June 24, 2023.
             Was a Priest of Jiyva.
             Killed from afar by an orc wizard (11 damage)
             ... with a puff of flame
             ... on level 4 of the Dungeon.
             The game lasted 00:07:11 (2156 turns).

cheesebisquit the Insei (Merfolk Transmuter)        Turns: 2156, Time: 00:07:12

Health: -4/38      AC:  2    Str: 11    XL:     5   Next: 25%
Magic:  8/8        EV: 13    Int: 14    God:    Jiyva [***...]
Gold:   104        SH:  0    Dex: 14    Spells: 3/9 levels left

rFire   . .          .
                       - Unarmed
rCold   . . .        (no shield)
rNeg    . . .        a - +0 robe
rPois   .            (helmet currently unavailable)
rElec   .            (no cloak)
rCorr   +            (no gloves)
SInv    .            g - melded +0 pair of boots
Will    .....        (no amulet)
Stlth   +            n - ring of resist corrosion
HPRegen 1.38/turn    (no ring)
MPRegen 0.46/turn

%: no passive effects
@: confused, lethally poisoned (-4 -> -12), appendages (expiring), wereblooded
A: horns 2, (nimble swimmer 2), mertail
a: End Transformation, Renounce Religion, Oozemancy


You were on level 4 of the Dungeon.
You worshipped Jiyva.
Jiyva was most pleased with you.
You had temporarily grown beastly horns.
You visited 1 branch of the dungeon, and saw 4 of its levels.

You collected 104 gold pieces.

Inventory:

Armour
 a - a +0 robe (worn)
 g - a +0 pair of boots (melded)
Jewellery
 n - a ring of resist corrosion (left hand)
Scrolls
 d - a scroll of identify {unknown}
 e - a scroll of teleportation {unknown}
 h - a scroll of blinking {unknown}
 i - a scroll of enchant armour {unknown}
 j - a scroll of fog {unknown}
 k - a scroll of silence {unknown}
 m - a scroll of summoning {unknown}
Potions
 b - a potion of lignification
 c - a potion of heal wounds {unknown}
 f - a potion of brilliance {unknown}
 l - 3 potions of curing {unknown}


   Skills:
 + Level 2.2 Fighting
 + Level 0.8 Armour
 + Level 3.7 Dodging
 + Level 1.9 Stealth
 + Level 3.8 Unarmed Combat
 + Level 2.5 Spellcasting
 + Level 3.6 Transmutations


You had 3 spell levels left.
You knew the following spells:

 Your Spells              Type           Power      Damage    Failure   Level
a - Beastly Appendage     Tmut           22%        N/A       4%          1
b - Wereblood             Tmut           11%        N/A       8%          2
c - Spider Form           Tmut/Pois      6%         N/A       32%         3

Your spell library contained the following spells:

 Spells                   Type           Power      Damage    Failure   Level
 Ice Form                 Ice/Tmut       6%         N/A       71%         4


Dungeon Overview and Level Annotations

Branches:
Dungeon (4/15)             Temple (0/1) D:4

Altars:
Jiyva


Innate Abilities, Weirdness & Mutations

You have temporarily grown beastly horns.
((You are very nimble when in or above water. (Stealth+, EV+, Speed+++)))
Your lower body shifts to a powerful aquatic tail in water.


Message History

The orc priest is heavily wounded.
The orc wizard points at you and mumbles some strange words.
You are confused.
The orc priest hits you with a +0 mace of venom.
You are poisoned.
You're too confused to move!
You feel sick.
The orc wizard points at you and mumbles some strange words.
You resist with some effort. The orc priest closely misses you.
The orc priest attacks as you move away!
The orc priest hits you with a +0 mace of venom.
You are more poisoned.
You feel very sick. The orc wizard casts a spell at you.
You are more confused.
You hit the orc.
The orc is moderately wounded.
You feel sick. The orc wizard barely misses you. The orc closely misses you.
You closely miss the orc priest. Your headbutt misses the orc priest.
The orc priest is heavily wounded.
Your transformation is almost over.
You feel sick.
The orc wizard hits you but does no damage.
The orc priest barely misses you. The orc misses you.
You're too confused to move!
You feel sick. The orc wizard closely misses you.
The orc priest hits you with a +0 mace of venom!
You are more poisoned.
The orc hits you but does no damage.
You miss the orc priest.
The orc priest is heavily wounded.
You feel very sick. The orc wizard misses you.
The orc priest hits you with a +0 mace of venom.
You are more poisoned.
The orc hits you with a +0 club. The orc hits you but does no damage.
The orc wizard attacks as you move away!
The orc wizard hits you with a +0 dagger.
* * * LOW HITPOINT WARNING * * *
x2 You feel very sick.
The orc wizard points at you and mumbles some strange words.
The puff of flame hits you!
You die...

#.# #.# #'## ####.####
...## #.......########
....###.##............
.....##.##..#.###..### ..
..............###..###....
....8.8.8...<...ooo.......
....⌠.⌠.⌠......##.o###.#
..........#.....@.........
......>........#######.###
...##...######.# #'#######
#.# #.# #.# #.######## #.#
#.##.....# #.# .......#.#
#.# .....#.#.# #.#


You could see an orc priest, an orc wizard and an orc.

Vanquished Creatures
  A black bear (D:3)
  A hound (D:4)
  6 adders
  A worm (D:2)
  5 endoplasms
  A giant cockroach (D:3)
  4 goblins
  A hobgoblin (D:1)
  3 jackals (D:3)
  2 quokkas
  6 ball pythons
  7 bats
  3 kobolds
  3 rats
44 creatures vanquished.

Vanquished Creatures (others)
  A jelly (D:3)
  An endoplasm (D:4)
  2 hobgoblins (D:3)
  A ball python (D:2)
  A rat (D:3)
6 creatures vanquished.

Grand Total: 50 creatures vanquished

Notes
Turn   | Place    | Note
-------+----------+-------------------------------------------
     0 | D:1      | cheesebisquit the Merfolk Transmuter began the quest for
                  | the Orb.
     0 | D:1      | Reached XP level 1. HP: 15/15 MP: 3/3
   321 | D:1      | Reached XP level 2. HP: 20/21 MP: 3/5
   668 | D:2      | Reached skill level 1 in Stealth
   804 | D:2      | Learned a level 2 spell: Wereblood
   924 | D:2      | Reached XP level 3. HP: 26/26 MP: 4/6
  1051 | D:2      | Found a faded altar of an unknown god.
  1061 | D:2      | Prayed at the altar of an unknown god.
  1061 | D:2      | Became a worshipper of Jiyva Jooza the Shapeless
  1061 | D:2      | Reached * piety under Jiyva
  1277 | D:2      | Reached XP level 4. HP: 33/33 MP: 7/7
  1427 | D:3      | Learned a level 3 spell: Spider Form
  1632 | D:3      | Reached ** piety under Jiyva
  1683 | D:3      | Noticed a black bear
  1693 | D:3      | Killed a black bear
  2046 | D:4      | Found a staircase to the Ecumenical Temple.
  2082 | D:4      | Reached *** piety under Jiyva
  2093 | D:4      | Reached XP level 5. HP: 37/38 MP: 8/8
  2156 | D:4      | Killed from afar by an orc wizard

Illustrated notes

Levels and vault maps discovered:
D:1:      psy_arrival_dodecagon, layout_rooms
D:2:      layout_loops_cross, chequers_ecumenical_altar_simple,
          minmay_shallow_snake_nest
D:3:      layout_basic
D:4:      layout_loops_corners, minmay_temple_entry_drinking_statues

Skill      XL: |  1  2  3  4 |
---------------+-------------+-----
Dodging        | 3 |  3.7
Stealth        | 1 |  1.9
Transmutations | 3 |  3.6
Fighting       | 2 |  2.2
Armour         | |  0.8
Unarmed Combat | |  3.8
Spellcasting   | |  2.5

Action                     |  1- 3 |  4- 6 || total
---------------------------+-------+-------++-------
  Melee: Unarmed           |    93 |    76 ||   169
         Headbutt          |    15 |    10 ||    25
         Punch             |     2 |     2 ||     4
   Cast: Beastly Appendage |    17 |    12 ||    29
         Wereblood         |     2 |     3 ||     5
    Use: Potion            |       |     1 ||     1
   Stab: Sleeping          |     1 |       ||     1
 Armour: Robe              |    19 |    17 ||    36
         Skin              |       |     6 ||     6
  Dodge: Dodged            |    87 |    81 ||   168
